 Dungeon Crawl Stone Soup version 0.27-a0-1193-g8631133539 (webtiles) character file.

Game seed: 11036852024377893102

61 bande the Shield-Bearer (level 4, -3/29 HPs)
             Began as a Gargoyle Fighter on May 26, 2021.
             Slain by an ice beast (12 damage)
             ... on level 4 of the Dungeon.
             The game lasted 00:02:54 (1891 turns).

bande the Shield-Bearer (Gargoyle Fighter)          Turns: 1891, Time: 00:02:54

Health: -3/29      AC: 12    Str: 20    XL:     4   Next: 7%
Magic:  4/4        EV:  7    Int:  8    God:
Gold:   80         SH:  9    Dex: 10    Spells: 3/3 levels left

rFire    . . .     SeeInvis .   a - +0 war axe
rCold    . . .     Faith    .   c - +0 kite shield
rNeg     + . .     Spirit   .   b - +0 scale mail
rPois    ∞         Reflect  .   (no helmet)
rElec    +         Harm     .   g - +0 cloak
rCorr    .         Rampage  .   e - +0 pair of gloves
Will     .....                  (no boots)
Stlth    ..........             (no amulet)
HPRegen  0.09/turn              (no ring)
MPRegen  0.09/turn              (no ring)

@: no status effects
A: sickness immunity, AC +3, negative energy resistance 1, electricity
resistance, torment resistance 1, petrification resistance
a: no special abilities


You were on level 4 of the Dungeon.
You visited 1 branch of the dungeon, and saw 3 of its levels.

You collected 80 gold pieces.

Inventory:

Hand Weapons
 a - a +0 war axe (weapon)
Armour
 b - a +0 scale mail (worn)
 c - a +0 kite shield (worn)
 e - a +0 pair of gloves (worn)
 g - a +0 cloak (worn)
Jewellery
 h - a ring of flight
Scrolls
 f - a scroll of blinking {unknown}
Potions
 d - a potion of might
 i - a potion of curing


   Skills:
 + Level 3.7 Fighting
 + Level 2.5 Axes
 + Level 3.6 Armour
 + Level 0.2 Dodging
 + Level 4.0 Shields


You had 3 spell levels left.
You didn't know any spells.
Your spell library was empty.

Dungeon Overview and Level Annotations

Branches:
Dungeon (2/15)

Altars:

Shops:
D:1 *   D:2 :


Innate Abilities, Weirdness & Mutations

You are immune to sickness and miasma.
Your stone body is resilient. (AC +3)
You are immune to poison.
You resist negative energy. (rN+)
You are resistant to electric shocks. (rElec)
You are resistant to unholy torment.
You are immune to petrification.


Message History

The giant cockroach bites you but does no damage.
The giant cockroach barely misses you.
You closely miss the giant cockroach.
The giant cockroach bites you but does no damage.
You block the giant cockroach's attack.
You closely miss the giant cockroach. You block the giant cockroach's attack.
The giant cockroach bites you but does no damage.
You closely miss the giant cockroach. You block the giant cockroach's attack.
The giant cockroach waves its antennae.
You block the giant cockroach's attack.
You hit the giant cockroach.
The giant cockroach is moderately wounded.
The giant cockroach bites you but does no damage.
You hit the giant cockroach.
You kill the giant cockroach!
No target in view!
Found a scale mail.
An ice beast comes into view.
You completely miss the ice beast. You block the ice beast's attack. x2
You barely miss the ice beast. You block the ice beast's attack.
You closely miss the ice beast. You block the ice beast's attack.
The ice beast barely misses you.
You hit the ice beast but do no damage. The ice beast barely misses you.
You hit the ice beast but do no damage.
The ice beast hits you but does no damage.
You block the ice beast's attack.
You hit the ice beast but do no damage. The ice beast hits you.
The ice beast freezes you!
You closely miss the ice beast. The ice beast barely misses you.
You block the ice beast's attack.
You hit the ice beast but do no damage.
The ice beast hits you but does no damage.
The ice beast barely misses you.
You closely miss the ice beast. The ice beast barely misses you.
You closely miss the ice beast. The ice beast hits you.
The ice beast freezes you. You block the ice beast's attack.
You hit the ice beast.
The ice beast is lightly wounded.
The ice beast hits you. The ice beast freezes you!
You die...

.... ... ........
.. ........ ..
........##. #.....
.... ......##..#
.# .....##Y##.##.#
#..##@.......
#............
#...#........
#..##.##....#
#.#.....# ..(..
#.......##.....
.....###......#..#
..#.. #.....##...
. #.####.........


You could see an ice beast.

Vanquished Creatures
  2 adders (D:2)
  A dart slug (D:2)
  4 ball pythons
  2 bats (D:1)
  An endoplasm (D:1)
  4 giant cockroaches
  6 hobgoblins (D:1)
  7 jackals
  A quokka (D:1)
  A frilled lizard (D:1)
  4 kobolds
  A rat (D:1)
34 creatures vanquished.

Notes
Turn   | Place    | Note
-------+----------+-------------------------------------------
     0 | D:1      | bande the Gargoyle Fighter began the quest for the Orb.
     0 | D:1      | Reached XP level 1. HP: 14/14 MP: 1/1
    99 | D:1      | Reached XP level 2. HP: 12/19 MP: 2/2
   481 | D:1      | Found Suew's General Store.
   820 | D:1      | Found a faded altar of an unknown god.
   860 | D:1      | Reached XP level 3. HP: 16/23 MP: 3/3
  1420 | D:2      | Found Ahaplaut's Book Shop.
  1741 | D:2      | Reached skill level 4 in Shields
  1818 | D:2      | You fall into a shaft and drop 2 floors!
  1826 | D:4      | Reached XP level 4. HP: 29/29 MP: 4/4
  1877 | D:4      | Noticed an ice beast
  1891 | D:4      | Slain by an ice beast

Illustrated notes

Levels and vault maps discovered:
D:1:      dpeg_arrival_shrine, layout_basic, serial_shops, shop,
          chequers_ecumenical_altar_island
D:2:      layout_loops_cross, serial_shops,
          nicolae_shop_temple_entry_statues_fountains
D:4:      layout_cave_pools, nicolae_yredelemnul_ghost_church,
          minmay_manual_mares, uniq_eustachio

Skill      XL: |  1  2  3 |
---------------+----------+-----
Axes           | 2 |  2.5
Shields        | 4 |  4.0
Fighting       | |  3.7
Armour         | |  3.6
Dodging        | |  0.2

Action                   |  1- 3 |  4- 6 || total
-------------------------+-------+-------++-------
Melee: War axe           |   100 |    20 ||   120
  Use: Scroll            |     2 |       ||     2
Armor: Scale mail        |    89 |     8 ||    97
Dodge: Dodged            |    30 |     9 ||    39
Block: Kite shield       |    81 |    11 ||    92

Table legend: (Time is in decaauts)
 A = Elapsed time spent in this place.
 B = Non-inter-level travel time spent in this place.
 C = Inter-level travel time spent in this place.
 D = Time resting spent in this place.
 E = Time spent auto-exploring this place.
 F = Levels seen in this place.
 G = Mean time per level.
                   A        B        C        D        E       F      G
               +--------+--------+--------+--------+--------+-----+--------+
         Total |   1967 |   1967 |      0 |    178 |   1447 |   3 |  655.7 |
       Dungeon |   1967 |   1967 |      0 |    178 |   1447 |   3 |  655.7 |
               +--------+--------+--------+--------+--------+-----+--------+

Top non-repeatable levels by time:
     D:1: 1460 daAuts
     D:2: 420 daAuts
     D:4: 86 daAuts
